 Dungeon Crawl Stone Soup version 0.20.0-15-g7f486f2 (webtiles) character file.

644 tv1990 the Chopper (level 7, -2/54 (55) HPs)
             Began as a Formicid Monk on June 11, 2017.
             Was a Believer of Okawaru.
             Slain by Pikel
             ... wielding a +1 whip of electrocution
              (10 damage)
             ... on level 6 of the Dungeon.
             The game lasted 00:15:09 (5179 turns).

tv1990 the Chopper (Formicid Monk)                  Turns: 5179, Time: 00:15:09

HP:   -2/54 (55)    AC:  8    Str: 16    XL:     7   Next: 81%
MP:   10/10         EV: 14    Int:  9    God:    Okawaru [**....]
Gold: 34            SH:  6    Dex: 15    Spells: 6/6 levels left

rFire    . . .     SeeInvis +   l - +0 hand axe
rCold    . . .     Gourm    .   e - +0 buckler
rNeg     . . .     Faith    .   j - +0 scale mail
rPois    .         Spirit   .   (helmet unavailable)
rElec    .         Reflect  .   (no cloak)
rCorr    .         Harm     .   (no gloves)
MR       .....                  (no boots)
Stlth    ++........             (no amulet)
Regen    0.2/turn               (no ring)
MPRegen  0.2/turn               (no ring)

@: heroism, drained
A: permanent stasis, dig shafts and tunnels, four strong arms, antennae 3
a: Dig, Shaft Self, Heroism, Renounce Religion


You were on level 6 of the Dungeon.
You worshipped Okawaru.
Okawaru was pleased with you.
You were hungry.

You visited 2 branches of the dungeon, and saw 8 of its levels.

You collected 202 gold pieces.
You spent 168 gold pieces at shops.

Inventory:

Hand Weapons
 a - a +0 hand axe
 l - a +0 hand axe (weapon)
 r - a +0 flail
Armour
 b - a +0 robe
 e - a +0 buckler (worn)
 j - a +0 scale mail (worn)
Jewellery
 q - an uncursed amulet of harm
Wands
 f - a wand of digging (6/24)
 o - a wand of digging (16/24)
Scrolls
 g - 3 scrolls of remove curse
 i - a scroll of fog
 s - a scroll of enchant weapon
 t - a scroll of teleportation
Potions
 m - 2 potions of brilliance
 n - a potion of mutation
Books
 d - a book of Callings

   Spells                             Type                      Level
   a - Summon Small Mammal            Summoning                    1
   b - Call Imp                       Summoning                    2
   c - Call Canine Familiar           Summoning                    3
   d - Summon Guardian Golem          Hexes/Summoning              3
   e - Summon Lightning Spire         Summoning/Air                4
   f - Summon Ice Beast               Ice/Summoning                4
Comestibles
 c - a bread ration
 h - 2 meat rations
 k - 6 royal jellies


   Skills:
 - Level 4.5(9.1) Fighting
 - Level 5.1(9.7) Axes
 - Level 2.9(7.5) Armour
 - Level 2.6(7.3) Dodging
 - Level 2.4(7.0) Stealth
 - Level 3.1(7.7) Shields
 + Level 5.1(4.8) Invocations


You had 6 spell levels left.
You didn't know any spells.

Dungeon Overview and Level Annotations

Branches:
Dungeon (7/15)             Temple (1/1) D:4

Altars:
Cheibriados
Dithmenos
Fedhas
Hepliaklqana
Makhleb
Nemelex Xobeh
Okawaru
Qazlal
Ru
Trog
Uskayaw
Xom
Yredelemnul
Zin
The Shining One

Shops:
D:4 *   D:7 *

Annotations:
D:5 melvinkitnick's ghost, novice VSMo
D:6 Pikel


Innate Abilities, Weirdness & Mutations

You cannot be hasted, slowed, berserked, paralysed or teleported.
You can dig through walls and to a lower floor.
Your four strong arms can wield two-handed weapons with a shield.
You have a pair of large antennae on your head. (SInv)


Message History

You barely miss Pikel.
Pikel is moderately wounded.
Pikel hits you but does no damage.
You closely miss Pikel.
Pikel is moderately wounded.
You hit Pikel but do no damage.
Pikel is moderately wounded.
Pikel misses you.
You slash Pikel!
Pikel is heavily wounded.
Pikel barely misses you.
You closely miss Pikel.
Pikel is heavily wounded.
Pikel hits you but does no damage.
You hit Pikel but do no damage.
Pikel is heavily wounded.
Pikel hits you with a whip of electrocution.
* * * LOW HITPOINT WARNING * * *
You are electrocuted!
You die...

.##.p..........
..#............
..#p.p........
#..K.........
#...........
#..........
#{p....# ##Kp#
#@#p.# #####.#
.# .# .. .


You could see Pikel and 2 slaves.

Vanquished Creatures
  A necrophage (D:5)
  2 ogres (D:4)
  A bullfrog (D:4)
  A hound (D:4)
  An orc wizard (D:3)
  Terence (D:2)
  A worker ant (D:4)
  Robin (D:2)
  3 gnolls (D:3)
  7 adders
  2 worms
  2 dart slugs
  3 leopard geckos
  9 orcs
  7 bats
  6 giant cockroaches
  12 hobgoblins
  4 jackals (D:1)
  4 ball pythons (D:1)
  6 frilled lizards
  15 goblins
  10 kobolds
  A quokka skeleton (D:4)
  10 rats
110 creatures vanquished.

Notes
Turn   | Place    | Note
-------+----------+-------------------------------------------
     0 | D:1      | tv1990 the Formicid Monk began the quest for the Orb.
     0 | D:1      | Reached XP level 1. HP: 18/18 MP: 1/1
   254 | D:1      | Reached XP level 2. HP: 24/24 MP: 2/2
   269 | D:1      | Reached skill level 1 in Shields
   369 | D:1      | Reached XP level 3. HP: 7/29 MP: 3/3
  1156 | D:2      | Noticed Terence
  1181 | D:2      | Killed Terence
  1181 | D:2      | Reached skill level 1 in Armour
  1181 | D:2      | Reached XP level 4. HP: 19/35 MP: 4/4
  1357 | D:2      | Noticed Robin
  1382 | D:2      | Killed Robin
  1663 | D:2      | Reached XP level 5. HP: 33/42 MP: 5/5
  1961 | D:3      | Found a snail-covered altar of Cheibriados.
  2410 | D:3      | Reached XP level 6. HP: 42/48 MP: 6/6
  3084 | D:4      | Noticed an ogre
  3107 | D:4      | Killed an ogre
  3396 | D:4      | Reached skill level 5 in Axes
  3640 | D:4      | Found a staircase to the Ecumenical Temple.
  3719 | Temple   | Entered the Ecumenical Temple
  3930 | Temple   | Became a worshipper of Warmaster Okawaru
  3930 | Temple   | Reached * piety under Okawaru
  3930 | Temple   | Reached ** piety under Okawaru
  4006 | D:4      | Found Syizour's Assorted Antiques.
  4014 | D:4      | Bought a scroll labeled MINGA ECOFOB for 18 gold pieces
  4073 | D:4      | Reached skill level 1 in Invocations
  4073 | D:4      | Reached XP level 7. HP: 48/55 MP: 6/8
  4889 | D:5      | Entered Level 5 of the Dungeon
  4899 | D:5      | Noticed melvinkitnick's ghost (novice VSMo)
  4900 | D:5      | Reached skill level 5 in Invocations
  4927 | D:5      | You fall through a shaft for 2 floors!
  5125 | D:7      | Found Yrhenuel's General Store.
  5130 | D:7      | Bought a scroll of fog for 24 gold pieces
  5130 | D:7      | Bought a scroll of enchant weapon for 90 gold pieces
  5130 | D:7      | Bought a scroll of teleportation for 36 gold pieces
  5140 | D:6      | Noticed Pikel
  5179 | D:6      | Slain by Pikel

Skill      XL: |  1  2  3  4  5  6  7 |
---------------+----------------------+-----
Shields        | 2 3 |  3.1
Armour         | 1 2 |  2.9
Axes           | 4 5 |  5.1
Fighting       | 4 |  4.5
Invocations    | 1 5 |  5.1
Dodging        | |  2.6
Stealth        | |  2.4

Action                   |  1- 3 |  4- 6 |  7- 9 || total
-------------------------+-------+-------+-------++-------
Melee: Hand axe          |    98 |   330 |   117 ||   545
Invok: Heroism           |       |       |     3 ||     3
 Abil: Dig               |       |     1 |     2 ||     3
       Shaft Self        |       |       |     1 ||     1
  Use: Scroll            |     3 |     2 |     3 ||     8
       Potion            |     1 |     2 |     3 ||     6
 Stab: Sleeping          |     4 |       |       ||     4
  Eat: Chunk             |     1 |     9 |       ||    10
       Bread ration      |       |       |     1 ||     1
Armor: Robe              |    14 |       |       ||    14
       Scale mail        |       |   105 |    23 ||   128
Dodge: Dodged            |    68 |   149 |    38 ||   255
Block: Buckler           |    20 |    53 |    17 ||    90

Vault maps used:
D:1:      nagdon_arrival_double_spiral, minmay_bisected
D:2:      uniq_robin, uniq_terence
D:3:      lemuel_crystal_altar, st_stairs_7
D:4:      minmay_temple_entry_nine_rooms, serial_shops, nicolae_shop_stone
D:5:      first_bread, minmay_item_behind_shaft
D:6:      elyvilon_altar_5, uniq_menkaure, uniq_eustachio, uniq_edmund,
          uniq_pikel
D:7:      cheibrodos_wizards_tower, serial_shops, shop_statue,
          nicolae_gozag_seed_capital, uniq_crazy_yiuf_cottage
Temple:   regret_index_temple_generic_petals
